 Dungeon Crawl Stone Soup version 0.23.0 (webtiles) character file.

Game seed: 17396886940446463638

4713 poirepourri the Severer (level 10, -2/87 HPs)
             Began as a Deep Dwarf Fighter on Feb 14, 2019.
             Was a Priest of Makhleb.
             Killed from afar by a steam dragon (17 damage)
             ... with a ball of steam
             ... on level 9 of the Dungeon.
             The game lasted 00:07:29 (5934 turns).

poirepourri the Severer (Deep Dwarf Fighter)        Turns: 5934, Time: 00:07:30

Health: -2/87      AC:  9    Str: 20    XL:     10   Next: 22%
Magic:  9/9        EV:  7    Int:  9    God:    Makhleb [***...]
Gold:   227        SH: 11    Dex: 17    Spells: 9/9 levels left

rFire    . . .     SeeInvis .   a - +3 war axe
rCold    . . .     Gourm    .   c - +2 shield
rNeg     . . .     Faith    .   b - +0 scale mail
rPois    +         Spirit   .   (no helmet)
rElec    .         Reflect  .   k - +0 cloak
rCorr    .         Harm     .   (no gloves)
MR       +....                  q - +0 pair of boots (curse)
Stlth    ..........             (no amulet)
HPRegen  0.00/turn              s - +2 ring of dexterity
MPRegen  0.11/turn              e - ring of poison resistance

@: non-regenerating, lightly drained
A: damage resistance, heal wounds, sense surroundings 2, no regeneration
a: Heal Wounds, Minor Destruction, Lesser Servant of Makhleb, Renounce Religion


You were on level 9 of the Dungeon.
You worshipped Makhleb.
Makhleb was most pleased with you.
You were not hungry.

You visited 2 branches of the dungeon, and saw 10 of its levels.
You also visited: Ossuary.

You collected 722 gold pieces.
You spent 495 gold pieces at shops.

Inventory:

Hand Weapons
 a - a +3 war axe (weapon)
Armour
 b - a +0 scale mail (worn)
 c - a +2 shield (worn)
 k - a +0 cloak (worn)
 q - a cursed +0 pair of boots (worn)
Jewellery
 e - a ring of poison resistance (right hand)
 j - an uncursed ring of protection from magic
 s - a +2 ring of dexterity (left hand)
Wands
 r - a wand of iceblast (8)
 w - a wand of polymorph (6)
Scrolls
 h - 2 scrolls of teleportation
 i - a scroll of identify
 m - 10 scrolls of remove curse
 n - a scroll of fear {unknown}
 v - a scroll of magic mapping
Potions
 d - a potion of invisibility
 g - 5 potions of flight
 l - 2 potions of mutation
 o - 4 potions of curing
 p - a potion of lignification
 t - 2 potions of haste
Comestibles
 f - 14 rations


   Skills:
 + Level 4.8(4.6) Fighting
 - Level 15.0(14.7) Axes
 - Level 3.2(3.1) Armour
 - Level 3.2(3.1) Shields


You had 9 spell levels left.
You didn't know any spells.
Your spell library was empty.

Dungeon Overview and Level Annotations

Branches:
Dungeon (9/15)             Temple (1/1) D:4
   Lair: D:8-11         Orc: D:9-12

Altars:
Ashenzari
Cheibriados
Dithmenos
Elyvilon
Fedhas
Gozag
Hepliaklqana
Kikubaaqudgha
Makhleb
Nemelex Xobeh
Okawaru
Qazlal
Ru
Sif Muna
Trog
Uskayaw
Vehumet
Wu Jian
Xom
Yredelemnul
Zin
The Shining One

Shops:
D:6 !


Innate Abilities, Weirdness & Mutations

You are resistant to damage.
You can heal yourself by infusing magical energy.
You passively map the area around you.
You do not regenerate.


Message History

You feel better.
You are engulfed in a cloud of scalding steam.
You hear an angry hiss.
The adder zombie is engulfed in a cloud of scalding steam.
The adder zombie is destroyed!
The steam dragon breathes steam at you. The ball of steam hits you!
* * * LOW HITPOINT WARNING * * *
You hear a bellow!
You hear two shouts!
You hear an angry hiss.
Really walk into that cloud of steam?
Okay, then.
A river rat and a hell rat come into view.
Things that are here:
a cursed +0 great sword; a +0 robe Unknown command.
You slash the steam dragon!
The steam dragon is heavily wounded.
The steam dragon breathes steam at you. The ball of steam hits you!!
You die...

###### #.........#
.....###.........#
####..)).........#
#####.........#
#.........#
#.........#
#.........#
###'#######
#.....)@#
#######D#
#...z....# *
#....r...#
**#........#
,,+....r...# *
*#........# ,
#........# ,
.........#


You could see a steam dragon, a hell rat and a river rat.

Vanquished Creatures
  Joseph (D:7)
  A queen bee (D:8)
  Grinder (D:3)
  Prince Ribbit (D:6)
  A hippogriff (D:7)
  Eustachio (D:6)
  An ice beast (D:6)
  4 orc warriors
  2 sky beasts (D:7)
  2 ogres
  2 centaurs
  A big kobold (D:8)
  A water moccasin zombie (D:6)
  A scorpion (D:8)
  19 killer bees
  3 wights (D:9)
  3 howler monkeys
  2 crimson imps
  A centaur zombie (D:9)
  2 bullfrog zombies
  2 jellies
  3 hounds
  An orc priest (D:8)
  5 orc wizards
  An iguana (D:8)
  Natasha (thrice) (D:4)
  12 worker ants
  2 killer bee zombies
  A hound skeleton (D:4)
  8 mummies (Ossuary)
  4 gnolls (D:8)
  9 adders
  A shadow imp (D:5)
  3 oozes
  3 worms
  4 dart slugs
  A leopard gecko (D:2)
  17 orcs
  7 giant cockroaches
  20 goblins
  16 hobgoblins
  12 jackals
  10 kobolds
  A quokka (D:2)
  3 ball pythons
  9 bats
  A frilled lizard (D:1)
  2 gnoll zombies (Ossuary)
  A kobold zombie (Ossuary)
  A leopard gecko skeleton (D:6)
  5 orc zombies (Ossuary)
  A quokka zombie (D:5)
  30 rats
249 creatures vanquished.

Vanquished Creatures (others)
  An adder zombie (D:9)
1 creature vanquished.

Grand Total: 250 creatures vanquished

Notes
Turn   | Place    | Note
-------+----------+-------------------------------------------
     0 | D:1      | poirepourri the Deep Dwarf Fighter began the quest for the
                  | Orb.
     0 | D:1      | Reached XP level 1. HP: 20/20 MP: 1/1
   165 | D:1      | Reached skill level 3 in Axes
   166 | D:1      | Reached XP level 2. HP: 16/27 MP: 2/2
   358 | D:1      | Reached XP level 3. HP: 25/33 MP: 3/3
   498 | D:1      | Reached skill level 4 in Axes
   852 | D:2      | Reached XP level 4. HP: 26/40 MP: 4/4
   906 | D:2      | Reached skill level 5 in Axes
  1309 | D:2      | Reached XP level 5. HP: 16/46 MP: 5/5
  1352 | D:3      | Noticed Grinder
  1368 | D:2      | HP: 2/46 [adder (2)]
  1370 | D:2      | Reached skill level 6 in Axes
  1421 | D:3      | Paralysed by Grinder for 4 turns
  1432 | D:3      | Killed Grinder
  1432 | D:3      | Reached skill level 7 in Axes
  1432 | D:3      | Reached XP level 6. HP: 29/55 MP: 6/6
  1578 | D:3      | Reached skill level 8 in Axes
  1843 | D:4      | Noticed Natasha
  1855 | D:4      | Killed Natasha
  1861 | D:4      | Noticed Natasha
  1870 | D:4      | Killed Natasha
  1891 | D:4      | Noticed Natasha
  1898 | D:4      | Killed Natasha
  1898 | D:4      | Reached XP level 7. HP: 46/61 MP: 7/7
  1959 | D:4      | Found a staircase to the Ecumenical Temple.
  1984 | Temple   | Entered the Ecumenical Temple
  2209 | Temple   | Became a worshipper of Makhleb the Destroyer
  2306 | D:4      | Reached skill level 9 in Axes
  2368 | D:4      | Found a sand-covered staircase.
  2378 | Ossuary  | Entered an ossuary
  2627 | D:4      | Reached * piety under Makhleb
  2997 | D:5      | Entered Level 5 of the Dungeon
  3035 | D:5      | Found an ornate altar of the Wu Jian Council.
  3074 | D:5      | Found a shadowy altar of Dithmenos.
  3126 | D:5      | Reached skill level 10 in Axes
  3133 | D:5      | Found an opulent altar of Gozag.
  3370 | D:5      | Found a bloodstained altar of Trog.
  3450 | D:5      | Reached XP level 8. HP: 53/68 MP: 7/7
  3779 | D:6      | Reached skill level 11 in Axes
  3983 | D:6      | Noticed Prince Ribbit
  3984 | D:6      | Found Lepruef's Distillery.
  4010 | D:6      | Bought a potion of heal wounds for 75 gold pieces
  4010 | D:6      | Bought a potion of curing for 45 gold pieces
  4010 | D:6      | Bought a potion of curing for 45 gold pieces
  4010 | D:6      | Bought a potion of heal wounds for 75 gold pieces
  4010 | D:6      | Bought a potion of curing for 45 gold pieces
  4010 | D:6      | Bought a potion of might for 60 gold pieces
  4010 | D:6      | Bought a potion of haste for 150 gold pieces
  4200 | D:6      | Noticed Eustachio
  4207 | D:6      | Killed Prince Ribbit
  4207 | D:6      | Reached skill level 12 in Axes
  4226 | D:6      | Killed Eustachio
  4262 | D:6      | Reached ** piety under Makhleb
  4269 | D:6      | Gained mutation: You passively map the area around you.
                  | [Deep Dwarf growth]
  4269 | D:6      | Reached XP level 9. HP: 42/74 MP: 8/8
  4495 | D:7      | Reached skill level 13 in Axes
  4772 | D:7      | Noticed Joseph
  4791 | D:7      | Killed Joseph
  4791 | D:7      | Reached skill level 14 in Axes
  5310 | D:8      | Found a white marble altar of Elyvilon.
  5402 | D:8      | Noticed a queen bee
  5422 | D:8      | Killed a queen bee
  5471 | D:8      | Reached skill level 15 in Axes
  5471 | D:8      | Reached XP level 10. HP: 49/81 MP: 9/9
  5682 | D:8      | Reached *** piety under Makhleb
  5934 | D:9      | Killed from afar by a steam dragon

Skill      XL: |  1  2  3  4  5  6  7  8  9 10 |
---------------+-------------------------------+-----
Axes           | 3 4 5 7 8 10 12 15 | 15.0
Fighting       | 4 |  4.8
Armour         | |  3.2
Shields        | |  3.2

Action                   |  1- 3 |  4- 6 |  7- 9 | 10-12 || total
-------------------------+-------+-------+-------+-------++-------
Melee: War axe           |   146 |   167 |   392 |   129 ||   834
 Abil: Heal Wounds       |       |     1 |     7 |       ||     8
Evoke: Wand              |       |       |     1 |       ||     1
  Use: Scroll            |     4 |     4 |    14 |       ||    22
       Potion            |     1 |     3 |    12 |     2 ||    18
 Stab: Invisible         |       |       |     5 |       ||     5
  Eat: Ration            |       |     1 |     3 |     1 ||     5
       Chunk             |       |       |     2 |       ||     2
Armor: Scale mail        |    81 |    85 |   103 |    29 ||   298
       Skin              |       |       |     3 |       ||     3
Dodge: Dodged            |    45 |    66 |    98 |    26 ||   235
Block: Shield            |    90 |    86 |   181 |    69 ||   426
